 Dungeon Crawl Stone Soup version 0.27-a0-1188-g73eefd5def (webtiles) character file.

Game seed: 7420409180855393471

36661 Snikeer the Frost Mage (level 13, -4/99 HPs)
             Began as a Gnoll Ice Elementalist on May 20, 2021.
             Was an Initiate of Ashenzari.
             Slain by an orc warrior
             ... wielding a +0 mace
             ... led by an orc high priest
              (10 damage)
             ... on level 1 of the Orcish Mines on May 21, 2021.
             The game lasted 00:42:43 (17422 turns).

Snikeer the Frost Mage (Gnoll Ice Elementalist)    Turns: 17422, Time: 00:42:44

Health: -4/99      AC: 23    Str:  8    XL:     13   Next: 91%
Magic:  23/27      EV: 20    Int: 18    God:    Ashenzari [......]
Gold:   2248       SH:  0    Dex: 14    Spells: 25/32 levels left

rFire    . . .     SeeInvis .   a - +1 dagger of Instant Death {freeze, Fly Will+}
rCold    . . .     Faith    .   (no shield)
rNeg     . . .     Spirit   .   S - +2 robe {Will+}
rPois    .         Reflect  .   (no helmet)
rElec    .         Harm     .   F - +2 cloak {rCorr}
rCorr    +         Rampage  .   l - +2 pair of gloves of Desmomancy {Self, Melee} (curse)
Will     ++...                  h - +2 pair of boots
Stlth    ++++......             k - amulet of magic regeneration
HPRegen  0.26/turn              Q - +4 ring of slaying
MPRegen  0.45/turn              E - +4 ring of evasion

@: ice-armoured, freezing walls, flying
A: fangs 1, strong nose, distributed training
a: Renounce Religion, Curse Item, Shatter the Chains


You were on level 1 of the Orcish Mines.
You worshipped Ashenzari.
Ashenzari was noncommittal.
You visited 3 branches of the dungeon, and saw 14 of its levels.
You also visited: Bailey.

You collected 2248 gold pieces.

Inventory:

Hand Weapons
 a - the +1 dagger of Instant Death (weapon) {freeze, Fly Will+}
   (You found it on level 4 of the Dungeon)

   It has been specially enchanted to freeze those struck by it, causing extra
   injury to most foes and up to half again as much damage against particularly
   susceptible opponents.
   It can also slow down cold-blooded creatures.
   It grants you flight.
   It increases your willpower.
 b - a +2 vorpal shortbow
   (You took it off a centaur on level 8 of the Dungeon)
 L - a +2 vorpal hand crossbow
   (You took it off a kobold on level 9 of the Dungeon)
Missiles
 g - 86 poisoned darts
 n - 211 arrows
 o - 7 atropa-tipped darts
 r - 3 throwing nets {!d}
 v - 8 curare-tipped darts
 A - 51 bolts
 R - 26 boomerangs
Armour
 h - a +2 pair of boots (worn)
   (You found it on level 1 of the Dungeon)
 l - the cursed +2 pair of gloves of Desmomancy (worn) {Self, Melee}
   (You found it on level 1 of the Dungeon)

   It has a curse which improves the following skills: Introspection: Fighting
   and Spellcasting.
   Melee Combat: Short Blades, Long Blades, Axes, Maces & Flails, Polearms,
   Staves and Unarmed Combat.
 F - a +2 cloak of preservation (worn)
   (You found it in a bailey)
 S - a +2 robe of willpower (worn)
   (You took it off a kobold demonologist on level 11 of the Dungeon)
Jewellery
 f - a ring of fire {rF+, rC-}
   (You found it on level 7 of the Dungeon)
 k - an amulet of magic regeneration (around neck)
   (You found it on level 7 of the Dungeon)
 u - the ring "Haofiles" {rCorr Stlth+}
   (You found it on level 8 of the Dungeon)

   [ring of resist corrosion]

   It protects you from acid and corrosion.
   It makes you more stealthy.
 E - a +4 ring of evasion (right hand)
   (You found it on level 8 of the Dungeon)
 I - the ring "Milaganof" {Fly Dex+2}
   (You found it on level 11 of the Dungeon)

   [ring of flight]

   It affects your dexterity (+2).
   It grants you flight.
 Q - a +4 ring of slaying (left hand)
   (You found it on level 6 of the Dungeon)
Wands
 e - a wand of charming (12)
   (You found it on level 10 of the Dungeon)
 i - a wand of iceblast (22)
   (You found it on level 7 of the Dungeon)
 j - a wand of polymorph (7)
   (You found it in a bailey)
 p - a wand of paralysis (5)
   (You found it on level 10 of the Dungeon)
 q - a wand of flame (22)
   (You found it on level 10 of the Dungeon)
 y - a wand of mindburst (13)
   (You found it on level 8 of the Dungeon)
Scrolls
 t - 2 scrolls of enchant weapon
 w - a scroll of amnesia
 C - a scroll of acquirement
 D - 2 scrolls of blinking {!r}
 K - 3 scrolls of immolation {!r}
 V - 2 scrolls of vulnerability {!r!r}
 W - 2 scrolls of holy word {!r}
 X - a scroll of magic mapping {@r4!r}
 Y - 5 scrolls of teleportation {@r3}
Potions
 d - 2 potions of attraction {!q}
 m - 2 potions of cancellation
 x - 4 potions of magic
 B - a potion of brilliance
 G - a potion of ambrosia {!q}
 H - 3 potions of haste
 J - 2 potions of curing {@q1}
 M - 3 potions of might
 N - 2 potions of heal wounds {@q2}
 P - a potion of lignification {!q}
 T - 2 potions of berserk rage {!q}
 U - a potion of mutation {!q}


   Skills:
 + Level 8.2(8.7) Fighting
 + Level 8.2(8.7) Short Blades
 + Level 8.2(8.7) Long Blades
 + Level 8.2(8.7) Axes
 + Level 8.2(8.7) Maces & Flails
 + Level 8.2(8.7) Polearms
 + Level 8.2(8.7) Staves
 + Level 8.2 Slings
 + Level 8.2 Bows
 + Level 8.2 Crossbows
 + Level 8.2 Throwing
 + Level 8.2 Armour
 + Level 9.4 Dodging
 + Level 9.2 Stealth
 + Level 8.2 Shields
 + Level 8.2(8.7) Unarmed Combat
 + Level 9.6(10.1) Spellcasting
 + Level 6.8 Conjurations
 + Level 6.8 Hexes
 + Level 6.8 Summonings
 + Level 6.8 Necromancy
 + Level 6.8 Translocations
 + Level 6.8 Transmutations
 + Level 6.8 Fire Magic
 + Level 9.9 Ice Magic
 + Level 6.8 Air Magic
 + Level 6.8 Earth Magic
 + Level 6.8 Poison Magic
 + Level 9.0 Invocations
 + Level 8.2 Evocations


You had 25 spell levels left.
You knew the following spells:

 Your Spells              Type           Power      Damage    Failure   Level
a - Freeze                Ice            100%       1d11      1%          1
b - Frozen Ramparts       Ice            88%        1d10      1%          3
A - Ozocubu's Armour      Ice            44%        N/A       1%          3

Your spell library contained the following spells:

 Spells                   Type           Power      Damage    Failure   Level
 Animate Skeleton         Necr           66%        N/A       1%          1
 Pain                     Necr           100%       1d9       1%          1
 Sting                    Tmut/Pois      100%       1d8       1%          1
 Poisonous Vapours        Pois/Air       66%        N/A       1%          2
 Ignite Poison            Fire/Tmut/Pois 33%        N/A       1%          3
 Mephitic Cloud           Conj/Pois/Air  33%        N/A       1%          3
 Vampiric Draining        Necr           16%        2d8       1%          3
 Hailstorm                Conj/Ice       39%        3d9       2%          4
 Animate Dead             Necr           16%        N/A       4%          4
 Olgreb's Toxic Radiance  Pois           33%        N/A       4%          4
 Metabolic Englaciation   Hex/Ice        19%        N/A       7%          5
 Agony                    Necr           33%        N/A       13%         5


Dungeon Overview and Level Annotations

Branches:
Dungeon (11/15)            Temple (1/1) D:6            Lair (0/6) D:10
    Orc (2/2) D:10         Bailey (visited)
    Elf: Orc:2

Altars:
Ashenzari
Cheibriados
Dithmenos
Elyvilon
Fedhas
Gozag
Hepliaklqana
Kikubaaqudgha
Makhleb
Nemelex Xobeh
Okawaru
Qazlal
Ru
Sif Muna
Trog
Uskayaw
Vehumet
Wu Jian
Xom
Yredelemnul
Zin
The Shining One

Shops:
Orc:2 :

Portals:
Trove: D:11 (give 7 scrolls of fear)

Annotations:
Orc:1 2 runed translucent doors, exclusion: orange crystal statue


Innate Abilities, Weirdness & Mutations

You have very sharp teeth.
Your uncanny sense of smell can sniff out nearby items.
Your experience applies equally to all skills.


Message History

The orc warrior hits you with a +0 mace!
You take 13 damage, and have 86/99 hp.
The orc no longer looks unusually strong.
Casting: Frozen Ramparts (safe; 1% risk of failure)
Confirm with . or Enter, or press ? or * to list all spells.
A film of ice covers your body! The orc misses you.
The orc warrior closely misses you.
You now have 24/27 mp.
Casting: Ozocubu's Armour (safe; 1% risk of failure)
Confirm with . or Enter, or press ? or * to list all spells.
The walls around you are covered in ice.
The orc warrior no longer looks unusually strong.
The wall freezes the orc!
The wall freezes the orc warrior.
The wall freezes the orc.
The orc misses you.
The wall freezes the orc warrior!
The orc warrior hits you with a +0 mace.
You take 1 damage, and have 87/99 hp.
You now have 22/27 mp.
You shoot an arrow. The arrow hits the orc.
The wall freezes the orc warrior.
The wall freezes the orc warrior!
The orc warrior misses you.
You shoot an arrow.
The arrow hits the orc warrior but does no damage.
The wall freezes the orc warrior!
The orc warrior barely misses you.
The wall freezes the orc warrior.
The orc warrior hits you but does no damage.
You shoot an arrow. The arrow hits the orc warrior.
The orc warrior no longer looks unusually strong.
The wall freezes the orc warrior! x2
You fly up into the air.
The +1 dagger of Instant Death {freeze, Fly Will+} glows with a cold blue light!
a - the +1 dagger of Instant Death (weapon)
{freeze, Fly Will+} There's something in the way.
Unknown command.
Unknown command.
Adjust (i)tems, (s)pells, or (a)bilities?
b - a +2 vorpal hand crossbow Adjust to which letter? (? for menu, Esc to quit)
L - a +2 vorpal hand crossbow;
b - a +2 vorpal shortbow The frozen ramparts melt away.
Magic restored.
Your icy armour starts to melt.
Your icy armour evaporates.
HP restored.
n - 211 arrows (gained 1)
Things that are here:
a +0 mace; a +0 plate armour Health restored: 99; MP restored: 27
Things that are here:
a +0 hand axe; a +0 leather armour
There is a stone staircase leading down here.
You fly downwards.
An orc comes into view. It is wielding a +1 dagger of draining.
The orc shouts!
The orc high priest shouts!
The orc closely misses you.
An orc warrior comes into view. It is wielding a +0 battleaxe.
The orc warrior hits you with a +0 mace.
The orc knight hits you with a +0 great sword!
The warg bites the fungus!
The fungus begins to die.
The orc misses you.
An orc priest comes into view. It is wielding a +0 flail.
There is a stone staircase leading up, spattered with blood here.
You take 17 damage, and have 82/99 hp.
The warg bites the fungus!
The orc knight hits you with a +0 great sword!
The orc completely misses you.
You fly upwards.
Level annotation: 2 runed translucent doors, exclusion: orange crystal statue
There is a stone staircase leading down here.
You take 6 damage, and have 76/99 hp.
The orc warrior hits you with a +0 mace!
You take 10 damage, and have 66/99 hp.
The orc warrior barely misses you.
The orc knight roars a battlecry!
The orcs go into a battle-frenzy!
Things that are here:
a +0 leather armour; a +0 hand axe
Things that are here:
a +0 plate armour; a +0 mace
Casting: Frozen Ramparts (safe; 1% risk of failure)
Confirm with . or Enter, or press ? or * to list all spells.
A film of ice covers your body!
The orc warrior hits you with a +0 mace.
You take 2 damage, and have 66/99 hp.
You now have 24/27 mp.
Casting: Ozocubu's Armour (safe; 1% risk of failure)
Confirm with . or Enter, or press ? or * to list all spells.
The walls around you are covered in ice.
The wall freezes the orc warrior.
The orc warrior completely misses you.
The wall freezes the orc knight!
The orc knight hits you with a +0 great sword!!
The wall freezes the orc.
You take 20 damage, and have 46/99 hp.
MASSIVE DAMAGE!!
You now have 22/27 mp.
You are too injured to fight recklessly!
You are too injured to fight recklessly!
The wall freezes the orc warrior!
The orc warrior hits you with a +0 mace!
The wall freezes the orc knight.
The orc knight hits you with a +0 great sword!!
* * * LOW HITPOINT WARNING * * *
The wall freezes the orc.
You take 40 damage, and have 6/99 hp.
MASSIVE DAMAGE!!
The wall freezes the orc warrior!
The orc warrior hits you with a +0 mace!
You die...

#.##)###.#.............#.#...#...
###...#####^.......#.).[.........
###)..###..................#.....
.#.....#.............#...........
...................##............
.#########.........###.#.........
.# ..... #......o.## ####....#...
.#.#...#.#....#oo## ##........
.#.......#..[###@## #.........
.+...[...+..[#....# ##.##.#...
.#.......#........# #####....
.#.#...#.#......)## ##..#
.#8..... #........## #...
.#########.........# ##.#
.............#.#..## ###
............####### ..........###


You could see an orc knight, an orc warrior (strong) and an orc (strong).

Vanquished Creatures
  A boulder beetle (D:11)
  Erolcha (D:11)
  A vault guard (D:11)
  A two-headed ogre (D:10)
  An orc sorcerer (Orc:1)
  A manticore (D:11)
  Maurice (D:10)
  3 gargoyles (D:11)
  An unseen horror (D:11)
  2 kobold demonologists
  2 trolls (Orc:1)
  3 shadows
  8 yaks
  5 wyverns
  Eustachio (D:6)
  A basilisk (D:10)
  3 steam dragons
  4 water moccasins
  An acid dragon (D:8)
  16 orc warriors
  An ice beast (D:6)
  A sky beast (D:6)
  4 black bears
  An ogre (D:10)
  A wolf (D:10)
  A necrophage (D:6)
  7 centaurs
  A phantom (D:5)
  2 kobold brigands
  2 gnoll sergeants
  2 scorpions
  A water moccasin zombie (D:5)
  4 killer bees (D:9)
  5 wights
  6 centaur zombies
  A bullfrog zombie (D:5)
  A jelly (D:5)
  A bullfrog skeleton (D:6)
  A gnoll shaman (D:9)
  11 orc priests
  A hound (D:5)
  An iron imp (D:9)
  Crazy Yiuf (D:3)
  Jessica (D:3)
  2 centaur skeletons
  6 iguanas
  12 orc wizards
  A howler monkey zombie (D:6)
  11 gnolls
  10 adders
  2 shadow imps
  2 white imps
  A worm (D:2)
  5 dart slugs
  34 orcs
  7 bats
  8 endoplasms
  4 giant cockroaches
  9 hobgoblins
  5 jackals
  34 kobolds
  4 quokkas
  6 ball pythons
  3 frilled lizards
  15 goblins
  5 rats
301 creatures vanquished.

Vanquished Creatures (others)
  A hobgoblin (D:4)
  2 fungi (D:10)
  6 plants (D:10)
9 creatures vanquished.

Grand Total: 310 creatures vanquished

Notes
Turn   | Place    | Note
-------+----------+-------------------------------------------
     0 | D:1      | Snikeer the Gnoll Ice Elementalist began the quest for the
                  | Orb.
     0 | D:1      | Reached XP level 1. HP: 13/13 MP: 6/6
   268 | D:1      | Reached XP level 2. HP: 17/19 MP: 0/7
   291 | D:1      | HP: 3/20 [dart slug/slug dart (5)]
  1104 | D:1      | Reached XP level 3. HP: 24/25 MP: 7/9
  1141 | D:1      | Reached skill level 5 in Spellcasting
  1356 | D:1      | Found a faded altar of an unknown god.
  1744 | D:1      | Reached skill level 1 in Invocations
  2063 | D:2      | Reached skill level 1 in Fighting
  2063 | D:2      | Reached skill level 1 in Short Blades
  2063 | D:2      | Reached skill level 1 in Long Blades
  2063 | D:2      | Reached skill level 1 in Axes
  2063 | D:2      | Reached skill level 1 in Maces & Flails
  2063 | D:2      | Reached skill level 1 in Polearms
  2063 | D:2      | Reached skill level 1 in Staves
  2063 | D:2      | Reached skill level 1 in Slings
  2063 | D:2      | Reached skill level 1 in Bows
  2063 | D:2      | Reached skill level 1 in Crossbows
  2063 | D:2      | Reached skill level 1 in Throwing
  2063 | D:2      | Reached skill level 1 in Armour
  2063 | D:2      | Reached skill level 1 in Shields
  2063 | D:2      | Reached skill level 1 in Unarmed Combat
  2063 | D:2      | Reached skill level 1 in Evocations
  2445 | D:2      | Reached XP level 4. HP: 27/32 MP: 8/11
  3063 | D:3      | Reached skill level 1 in Conjurations
  3063 | D:3      | Reached skill level 1 in Hexes
  3063 | D:3      | Reached skill level 1 in Summonings
  3063 | D:3      | Reached skill level 1 in Necromancy
  3063 | D:3      | Reached skill level 1 in Translocations
  3063 | D:3      | Reached skill level 1 in Transmutations
  3063 | D:3      | Reached skill level 1 in Fire Magic
  3063 | D:3      | Reached skill level 1 in Air Magic
  3063 | D:3      | Reached skill level 1 in Earth Magic
  3063 | D:3      | Reached skill level 1 in Poison Magic
  3067 | D:3      | Learned a level 3 spell: Frozen Ramparts
  3071 | D:3      | Learned a level 3 spell: Ozocubu's Armour
  3166 | D:3      | Reached XP level 5. HP: 31/37 MP: 5/12
  3367 | D:3      | Noticed Jessica
  3371 | D:3      | Killed Jessica
  3919 | D:3      | Found a runed translucent door.
  3920 | D:3      | Noticed Crazy Yiuf
  3929 | D:3      | Killed Crazy Yiuf
  4102 | D:3      | Reached XP level 6. HP: 44/44 MP: 13/13
  4118 | D:3      | Reached skill level 2 in Invocations
  5352 | D:5      | Entered Level 5 of the Dungeon
  5457 | D:5      | Found a basalt altar of Yredelemnul.
  5468 | D:5      | Reached skill level 2 in Fighting
  5468 | D:5      | Reached skill level 2 in Short Blades
  5468 | D:5      | Reached skill level 2 in Long Blades
  5468 | D:5      | Reached skill level 2 in Axes
  5468 | D:5      | Reached skill level 2 in Maces & Flails
  5468 | D:5      | Reached skill level 2 in Polearms
  5468 | D:5      | Reached skill level 2 in Staves
  5468 | D:5      | Reached skill level 2 in Slings
  5468 | D:5      | Reached skill level 2 in Bows
  5468 | D:5      | Reached skill level 2 in Crossbows
  5468 | D:5      | Reached skill level 2 in Throwing
  5468 | D:5      | Reached skill level 2 in Armour
  5468 | D:5      | Reached skill level 5 in Dodging
  5468 | D:5      | Reached skill level 2 in Shields
  5468 | D:5      | Reached skill level 2 in Unarmed Combat
  5468 | D:5      | Reached skill level 2 in Evocations
  5841 | D:5      | Reached XP level 7. HP: 35/50 MP: 8/15
  5941 | D:5      | Found a shimmering blue altar of Sif Muna.
  6119 | D:5      | Reached skill level 2 in Conjurations
  6119 | D:5      | Reached skill level 2 in Hexes
  6119 | D:5      | Reached skill level 2 in Summonings
  6119 | D:5      | Reached skill level 2 in Necromancy
  6119 | D:5      | Reached skill level 2 in Translocations
  6119 | D:5      | Reached skill level 2 in Transmutations
  6119 | D:5      | Reached skill level 2 in Fire Magic
  6119 | D:5      | Reached skill level 2 in Air Magic
  6119 | D:5      | Reached skill level 2 in Earth Magic
  6119 | D:5      | Reached skill level 2 in Poison Magic
  6276 | D:5      | Reached skill level 5 in Stealth
  6283 | D:5      | Reached skill level 3 in Invocations
  6755 | D:4      | Identified the +1 dagger of Instant Death {freeze, Fly
                  | Will+}
  6806 | D:6      | Reached XP level 8. HP: 57/57 MP: 16/16
  7008 | D:5      | Reached skill level 3 in Fighting
  7008 | D:5      | Reached skill level 3 in Short Blades
  7008 | D:5      | Reached skill level 3 in Long Blades
  7008 | D:5      | Reached skill level 3 in Axes
  7008 | D:5      | Reached skill level 3 in Maces & Flails
  7008 | D:5      | Reached skill level 3 in Polearms
  7008 | D:5      | Reached skill level 3 in Staves
  7008 | D:5      | Reached skill level 3 in Slings
  7008 | D:5      | Reached skill level 3 in Bows
  7008 | D:5      | Reached skill level 3 in Crossbows
  7008 | D:5      | Reached skill level 3 in Throwing
  7008 | D:5      | Reached skill level 3 in Armour
  7008 | D:5      | Reached skill level 3 in Shields
  7008 | D:5      | Reached skill level 3 in Unarmed Combat
  7008 | D:5      | Reached skill level 3 in Evocations
  7349 | D:5      | Found a white marble altar of Elyvilon.
  7479 | D:6      | Noticed Eustachio
  7501 | D:6      | Reached skill level 6 in Spellcasting
  7793 | D:6      | Found a glowing golden altar of the Shining One.
  7802 | D:6      | Found a staircase to the Ecumenical Temple.
  7918 | Temple   | Entered the Ecumenical Temple
  8196 | Temple   | Became a worshipper of Ashenzari the Shackled
  8196 | Temple   | Identified a scroll of acquirement
  8691 | D:6      | Reached skill level 3 in Conjurations
  8691 | D:6      | Reached skill level 3 in Hexes
  8691 | D:6      | Reached skill level 3 in Summonings
  8691 | D:6      | Reached skill level 3 in Necromancy
  8691 | D:6      | Reached skill level 3 in Translocations
  8691 | D:6      | Reached skill level 3 in Transmutations
  8691 | D:6      | Reached skill level 3 in Fire Magic
  8691 | D:6      | Reached skill level 3 in Air Magic
  8691 | D:6      | Reached skill level 3 in Earth Magic
  8691 | D:6      | Reached skill level 3 in Poison Magic
  8691 | D:6      | Reached skill level 4 in Invocations
  8769 | D:6      | Reached skill level 6 in Dodging
  8973 | D:6      | Killed Eustachio
  8974 | D:6      | Reached XP level 9. HP: 61/65 MP: 12/18
  9419 | D:7      | Found a hide-covered altar of Uskayaw.
  9431 | D:7      | Reached skill level 4 in Fighting
  9431 | D:7      | Reached skill level 4 in Short Blades
  9431 | D:7      | Reached skill level 4 in Long Blades
  9431 | D:7      | Reached skill level 4 in Axes
  9431 | D:7      | Reached skill level 4 in Maces & Flails
  9431 | D:7      | Reached skill level 4 in Polearms
  9431 | D:7      | Reached skill level 4 in Staves
  9431 | D:7      | Reached skill level 4 in Slings
  9431 | D:7      | Reached skill level 4 in Bows
  9431 | D:7      | Reached skill level 4 in Crossbows
  9431 | D:7      | Reached skill level 4 in Throwing
  9431 | D:7      | Reached skill level 4 in Armour
  9431 | D:7      | Reached skill level 4 in Shields
  9431 | D:7      | Reached skill level 4 in Unarmed Combat
  9431 | D:7      | Reached skill level 4 in Evocations
  9780 | D:7      | Reached skill level 6 in Stealth
  9780 | D:7      | Reached skill level 8 in Ice Magic
 10417 | D:8      | Reached skill level 5 in Invocations
 10731 | D:8      | Found a shimmering altar of Xom.
 10794 | D:8      | Reached skill level 7 in Spellcasting
 10968 | D:8      | Reached XP level 10. HP: 73/73 MP: 20/20
 11015 | D:8      | Reached skill level 4 in Conjurations
 11015 | D:8      | Reached skill level 4 in Hexes
 11015 | D:8      | Reached skill level 4 in Summonings
 11015 | D:8      | Reached skill level 4 in Necromancy
 11015 | D:8      | Reached skill level 4 in Translocations
 11015 | D:8      | Reached skill level 4 in Transmutations
 11015 | D:8      | Reached skill level 4 in Fire Magic
 11015 | D:8      | Reached skill level 4 in Air Magic
 11015 | D:8      | Reached skill level 4 in Earth Magic
 11015 | D:8      | Reached skill level 4 in Poison Magic
 11362 | D:8      | Identified the ring "Haofiles" {rCorr Stlth+}
 11609 | D:9      | Noticed a kobold demonologist
 11614 | D:9      | Killed a kobold demonologist
 11615 | D:9      | Reached skill level 5 in Fighting
 11615 | D:9      | Reached skill level 5 in Short Blades
 11615 | D:9      | Reached skill level 5 in Long Blades
 11615 | D:9      | Reached skill level 5 in Axes
 11615 | D:9      | Reached skill level 5 in Maces & Flails
 11615 | D:9      | Reached skill level 5 in Polearms
 11615 | D:9      | Reached skill level 5 in Staves
 11615 | D:9      | Reached skill level 5 in Slings
 11615 | D:9      | Reached skill level 5 in Bows
 11615 | D:9      | Reached skill level 5 in Crossbows
 11615 | D:9      | Reached skill level 5 in Throwing
 11615 | D:9      | Reached skill level 5 in Armour
 11615 | D:9      | Reached skill level 5 in Shields
 11615 | D:9      | Reached skill level 5 in Unarmed Combat
 11615 | D:9      | Reached skill level 5 in Evocations
 11762 | D:9      | Found an ancient bone altar of Kikubaaqudgha.
 11949 | D:9      | Found a snail-covered altar of Cheibriados.
 12486 | D:9      | Reached skill level 7 in Dodging
 12939 | D:10     | Entered Level 10 of the Dungeon
 13323 | D:10     | Noticed a two-headed ogre
 13464 | D:10     | Reached skill level 6 in Invocations
 13469 | D:9      | Reached skill level 7 in Stealth
 13777 | D:10     | Killed a two-headed ogre
 13779 | D:10     | Reached XP level 11. HP: 65/82 MP: 21/23
 13853 | D:10     | Found a staircase to the Orcish Mines.
 13993 | D:10     | Reached skill level 6 in Fighting
 13993 | D:10     | Reached skill level 6 in Short Blades
 13993 | D:10     | Reached skill level 6 in Long Blades
 13993 | D:10     | Reached skill level 6 in Axes
 13993 | D:10     | Reached skill level 6 in Maces & Flails
 13993 | D:10     | Reached skill level 6 in Polearms
 13993 | D:10     | Reached skill level 6 in Staves
 13993 | D:10     | Reached skill level 6 in Slings
 13993 | D:10     | Reached skill level 6 in Bows
 13993 | D:10     | Reached skill level 6 in Crossbows
 13993 | D:10     | Reached skill level 6 in Throwing
 13993 | D:10     | Reached skill level 6 in Armour
 13993 | D:10     | Reached skill level 6 in Shields
 13993 | D:10     | Reached skill level 6 in Unarmed Combat
 13993 | D:10     | Reached skill level 6 in Evocations
 14001 | D:10     | Reached skill level 5 in Conjurations
 14001 | D:10     | Reached skill level 5 in Hexes
 14001 | D:10     | Reached skill level 5 in Summonings
 14001 | D:10     | Reached skill level 5 in Necromancy
 14001 | D:10     | Reached skill level 5 in Translocations
 14001 | D:10     | Reached skill level 5 in Transmutations
 14001 | D:10     | Reached skill level 5 in Fire Magic
 14001 | D:10     | Reached skill level 5 in Air Magic
 14001 | D:10     | Reached skill level 5 in Earth Magic
 14001 | D:10     | Reached skill level 5 in Poison Magic
 14063 | D:10     | Found a staircase to the Lair.
 14111 | D:10     | Reached skill level 8 in Spellcasting
 14238 | D:10     | Noticed Maurice
 14245 | D:10     | Killed Maurice
 14431 | Orc:1    | Entered Level 1 of the Orcish Mines
 14477 | D:11     | Noticed a manticore
 14491 | D:11     | Killed a manticore
 14525 | D:11     | Found a flagged portal.
 14529 | D:11     | HP: 19/83 [something (22)]
 14535 | D:11     | HP: 15/83 [something (5)]
 14598 | D:11     | Reached skill level 9 in Ice Magic
 14598 | D:11     | Reached skill level 7 in Invocations
 14824 | Bailey   | Entered a bailey
 14928 | Bailey   | Reached skill level 8 in Dodging
 14967 | Bailey   | Identified the +11 broad axe of Bile {distort, rPois Str+7
                  | Stlth-}
 15056 | Bailey   | Reached skill level 7 in Fighting
 15056 | Bailey   | Reached skill level 7 in Short Blades
 15056 | Bailey   | Reached skill level 7 in Long Blades
 15056 | Bailey   | Reached skill level 7 in Axes
 15056 | Bailey   | Reached skill level 7 in Maces & Flails
 15056 | Bailey   | Reached skill level 7 in Polearms
 15056 | Bailey   | Reached skill level 7 in Staves
 15056 | Bailey   | Reached skill level 7 in Slings
 15056 | Bailey   | Reached skill level 7 in Bows
 15056 | Bailey   | Reached skill level 7 in Crossbows
 15056 | Bailey   | Reached skill level 7 in Throwing
 15056 | Bailey   | Reached skill level 7 in Armour
 15056 | Bailey   | Reached skill level 8 in Stealth
 15056 | Bailey   | Reached skill level 7 in Shields
 15056 | Bailey   | Reached skill level 7 in Unarmed Combat
 15056 | Bailey   | Reached skill level 7 in Evocations
 15056 | Bailey   | Reached XP level 12. HP: 92/92 MP: 23/25
 15057 | Bailey   | Reached skill level 9 in Dodging
 15057 | Bailey   | Reached skill level 9 in Spellcasting
 15057 | Bailey   | Reached skill level 6 in Conjurations
 15057 | Bailey   | Reached skill level 6 in Hexes
 15057 | Bailey   | Reached skill level 6 in Summonings
 15057 | Bailey   | Reached skill level 6 in Necromancy
 15057 | Bailey   | Reached skill level 6 in Translocations
 15057 | Bailey   | Reached skill level 6 in Transmutations
 15057 | Bailey   | Reached skill level 6 in Fire Magic
 15057 | Bailey   | Reached skill level 6 in Air Magic
 15057 | Bailey   | Reached skill level 6 in Earth Magic
 15057 | Bailey   | Reached skill level 6 in Poison Magic
 15057 | Bailey   | Reached skill level 8 in Invocations
 15057 | Bailey   | Reached XP level 13. HP: 99/99 MP: 23/26
 15110 | D:11     | Reached skill level 9 in Stealth
 15414 | D:11     | Noticed Erolcha
 15431 | D:11     | Killed Erolcha
 15432 | D:11     | Reached skill level 8 in Fighting
 15432 | D:11     | Reached skill level 8 in Short Blades
 15432 | D:11     | Reached skill level 8 in Long Blades
 15432 | D:11     | Reached skill level 8 in Axes
 15432 | D:11     | Reached skill level 8 in Maces & Flails
 15432 | D:11     | Reached skill level 8 in Polearms
 15432 | D:11     | Reached skill level 8 in Staves
 15432 | D:11     | Reached skill level 8 in Slings
 15432 | D:11     | Reached skill level 8 in Bows
 15432 | D:11     | Reached skill level 8 in Crossbows
 15432 | D:11     | Reached skill level 8 in Throwing
 15432 | D:11     | Reached skill level 8 in Armour
 15432 | D:11     | Reached skill level 8 in Shields
 15432 | D:11     | Reached skill level 8 in Unarmed Combat
 15432 | D:11     | Reached skill level 8 in Evocations
 15665 | D:11     | Identified the ring "Milaganof" {Fly Dex+2}
 15965 | D:11     | Noticed a vault guard
 15974 | D:11     | Killed a vault guard
 16084 | D:11     | Found a portal to a secret trove of treasure.
 16624 | Orc:2    | Entered Level 2 of the Orcish Mines
 16955 | Orc:1    | Found a runed translucent door.
 17126 | Orc:1    | Acquired 1070 gold pieces
 17175 | Orc:1    | Reached skill level 9 in Invocations
 17245 | Orc:1    | Found a runed translucent door.
 17251 | Orc:1    | Found the +10 tower shield of Ignorance {rN+ Int-4}
 17334 | Orc:2    | Found Wimolain's Book Boutique.
 17421 | Orc:1    | HP: 6/99 [orc knight/+0 great sword (26)]
 17422 | Orc:1    | Slain by an orc warrior

Illustrated notes

Levels and vault maps discovered:
D:1:      kennysheep_arrival_seaside, layout_basic,
          shapermc_ecumenical_altar_mp_urbaneastern, minmay_octomino_e4
D:2:      layout_loops_ring
D:3:      layout_loops_ring, kennysheep_jessica_study, uniq_crazy_yiuf_cottage
D:4:      layout_loops_corners, corexii_item_surrounded_by_moat,
          lemuel_flame_loot_1
D:5:      layout_rooms, elyvilon_altar_5, kennysheep_mini_moat,
          lemuel_doored_altar
D:6:      layout_cave_pools, kennysheep_mini, temple_fountains,
          serial_column_ruins, column_ruins_hut, column_ruins_hut,
          column_ruins_columns_straight, column_ruins_corridor_straight,
          column_ruins_open_large, column_ruins_open_tiny_water,
          grunt_decor_one_mirror, grunt_decor_resistance, uniq_eustachio
D:7:      layout_loops_ring, nicolae_uskayaw_dance_studio
D:8:      layout_loops_ring, amcnicky_altar_gilded, small_statue_intersection,
          minmay_misc_feat_pillars, st_stairs_12
D:9:      layout_irregular_city, slow_altar_2, lemuel_tele_altar,
          lemuel_flamethrower_hall
D:10:     layout_grid_maze, minmay_lair_entry_grove, orc_0_dummy, uniq_maurice
D:11:     layout_cave_pools, enter_bailey_3, enter_trove_5, st_stairs_11,
          uniq_erolcha
Temple:   minmay_temple_curvy_branch
Orc:1:    layout_caves, portal_ice_cave_entry_pillars_1,
          chequers_guarded_unrand_ignorance
Orc:2:    grunt_orc_gardens, layout_caves, grunt_orc_garden, grunt_orc_garden,
          grunt_orc_garden, grunt_orc_garden, minmay_orc_barracks

Skill      XL: |  1  2  3  4  5  6  7  8  9 10 11 12 13 |
---------------+----------------------------------------+-----
Spellcasting   | 5 6 7 8 9 |  9.6
Invocations    | 1 2 3 4 5 6 7 8 9 |  9.0
Fighting       | 1 2 3 4 5 7 8 |  8.2
Short Blades   | 1 2 3 4 5 7 8 |  8.2
Long Blades    | 1 2 3 4 5 7 8 |  8.2
Axes           | 1 2 3 4 5 7 8 |  8.2
Maces & Flails | 1 2 3 4 5 7 8 |  8.2
Polearms       | 1 2 3 4 5 7 8 |  8.2
Staves         | 1 2 3 4 5 7 8 |  8.2
Slings         | 1 2 3 4 5 7 8 |  8.2
Bows           | 1 2 3 4 5 7 8 |  8.2
Crossbows      | 1 2 3 4 5 7 8 |  8.2
Throwing       | 1 2 3 4 5 7 8 |  8.2
Armour         | 1 2 3 4 5 7 8 |  8.2
Shields        | 1 2 3 4 5 7 8 |  8.2
Unarmed Combat | 1 2 3 4 5 7 8 |  8.2
Evocations     | 1 2 3 4 5 7 8 |  8.2
Conjurations   | 1 2 3 4 5 6 |  6.8
Hexes          | 1 2 3 4 5 6 |  6.8
Summonings     | 1 2 3 4 5 6 |  6.8
Necromancy     | 1 2 3 4 5 6 |  6.8
Translocations | 1 2 3 4 5 6 |  6.8
Transmutations | 1 2 3 4 5 6 |  6.8
Fire Magic     | 1 2 3 4 5 6 |  6.8
Air Magic      | 1 2 3 4 5 6 |  6.8
Earth Magic    | 1 2 3 4 5 6 |  6.8
Poison Magic   | 1 2 3 4 5 6 |  6.8
Dodging        | 5 6 7 8 9 |  9.4
Stealth        | 5 6 7 8 9 |  9.2
Ice Magic      | 8 9 |  9.9

Action                   |  1- 3 |  4- 6 |  7- 9 | 10-12 | 13-15 || total
-------------------------+-------+-------+-------+-------+-------++-------
Melee: Dagger            |    35 |     6 |   237 |   131 |     2 ||   411
       Staff             |     9 |       |       |       |       ||     9
       Bite              |     4 |     8 |    30 |    16 |       ||    58
       Short sword       |       |    66 |    84 |       |       ||   150
       Punch             |       |       |     6 |     4 |       ||    10
 Fire: Hand crossbow     |       |       |       |   106 |   146 ||   252
       Shortbow          |       |       |       |       |    16 ||    16
Throw: Stone             |       |     1 |     2 |       |       ||     3
 Cast: Freeze            |    44 |    25 |     8 |     2 |       ||    79
       Frozen Ramparts   |       |    14 |    39 |    27 |    15 ||    95
       Ozocubu's Armour  |       |    10 |    30 |    20 |    13 ||    73
Invok: Curse Item        |       |       |       |     1 |       ||     1
  Use: Scroll            |       |       |     1 |     1 |     4 ||     6
       Potion            |       |       |       |     2 |       ||     2
 Stab: Sleeping          |     8 |     8 |     5 |     3 |       ||    24
Armor: Robe              |    11 |    49 |   137 |    91 |    20 ||   308
Dodge: Dodged            |    50 |    49 |   247 |   249 |    83 ||   678

Table legend: (Time is in decaauts)
 A = Elapsed time spent in this place.
 B = Non-inter-level travel time spent in this place.
 C = Inter-level travel time spent in this place.
 D = Time resting spent in this place.
 E = Time spent auto-exploring this place.
 F = Levels seen in this place.
 G = Mean time per level.
                   A        B        C        D        E       F      G
               +--------+--------+--------+--------+--------+-----+--------+
         Total |  17399 |  16091 |   1308 |    705 |  12592 |  15 | 1159.9 |
       Dungeon |  15809 |  14581 |   1228 |    705 |  11549 |  11 | 1437.2 |
        Temple |    303 |    255 |     48 |      0 |    253 |   1 |  303.0 |
  Orcish Mines |   1025 |    993 |     32 |      0 |    683 |   2 |  512.5 |
        Bailey |    260 |    260 |      0 |      0 |    107 |   1 |  260.0 |
               +--------+--------+--------+--------+--------+-----+--------+

Top non-repeatable levels by time:
     D:1: 1999 daAuts
     D:9: 1869 daAuts
     D:4: 1787 daAuts
     D:6: 1520 daAuts
    D:11: 1477 daAuts
     D:3: 1421 daAuts
     D:5: 1346 daAuts
     D:8: 1214 daAuts
     D:7: 1153 daAuts
    D:10: 1117 daAuts
   Orc:1: 1002 daAuts
     D:2: 901 daAuts
  Temple: 303 daAuts
  Bailey: 260 daAuts
   Orc:2: 22 daAuts

Table legend:
 A = Kills in this place as a percentage of kills in entire the game.
 B = Kills by you in this place as a percentage of kills by you in the entire game.
 C = Kills by friends in this place as a percentage of kills by friends in the entire game.
 D = Other kills in this place as a percentage of other kills in the entire game.
 E = Experience gained in this place as a percentage of experience gained in the entire game.
 F = Experience gained in this place divided by the number of levels of this place that you have seen.
                   A       B       C       D       E      F
               +-------+-------+-------+-------+-------+----------------------
         Total | 100.0 | 100.0 |   N/A |   N/A | 100.0 | 1472.3
       Dungeon |  76.7 |  76.7 |   N/A |   N/A |  84.5 | 1697.3
  Orcish Mines |  12.6 |  12.6 |   N/A |   N/A |  12.8 | 1415.0
        Bailey |  10.6 |  10.6 |   N/A |   N/A |   2.6 | 584.0
               +-------+-------+-------+-------+-------+----------------------
